 Dungeon Crawl Stone Soup version 0.30-a0-585-g93115170b9 (webtiles) character file.

Game seed: 17801210496316831418

44222 Anon1729 the Nimble (level 14, -6/101 HPs)
             Began as a Merfolk Monk on Jan 1, 2023.
             Was a High Priest of Hepliaklqana.
             Mangled by Kirke (17 damage)
             ... on level 12 of the Dungeon.
             The game lasted 00:40:05 (17480 turns).

Anon1729 the Nimble (Merfolk Monk)                 Turns: 17480, Time: 00:40:05

Health: -6/101     AC:  0    Str: 11      XL:     14   Next: 27%
Magic:  20/23      EV: 25    Int: 10      God:    Hepliaklqana [*****.]
Gold:   1081       SH:  0    Dex: 20 (21) Spells: 20/24 levels left

rFire   + + .      SeeInvis .    (weapon currently unavailable)
rCold   . . .      Faith    +    (shield currently unavailable)
rNeg    . . .      Spirit   .    (body armour currently unavailable)
rPois   +          Reflect  .    (helmet currently unavailable)
rElec   .          Harm     .    (cloak currently unavailable)
rCorr   .          Rampage  .    (gloves currently unavailable)
Will    +....                    (boots currently unavailable)
Stlth   +++++                    R - amulet "Zaygavul" {Faith Drain +Inv rPois rF++}
HPRegen 0.36/turn                (ring currently unavailable)
MPRegen 0.18/turn                (ring currently unavailable)

@: pig-form, slowed
A: fast, no casting, reduced essence, small, (nimble swimmer 2), (mertail),
deterioration 1
a: Renounce Religion, Evoke Invisibility, Recall Ancestor, Ancestor Identity,
Transference, Idealise


You were on level 12 of the Dungeon.
You worshipped Hepliaklqana.
Hepliaklqana was extremely pleased with you.
You were a filthy swine.
You visited 4 branches of the dungeon, and saw 20 of its levels.

You collected 1649 gold pieces.
You spent 568 gold pieces at shops.

Inventory:

Hand Weapons
 a - a +1 demon whip of venom
 q - a +2 dagger of electrocution
 P - a +2 scimitar (melded)
Missiles
 D - 2 throwing nets (quivered)
 L - a curare-tipped dart
Armour
 u - a +0 pair of gloves (melded)
 N - +0 steam dragon scales (melded)
 U - a +2 helmet of intelligence (melded)
 V - a +0 troll leather armour
Jewellery
 e - an amulet of regeneration
 j - an amulet of guardian spirit
 r - an amulet of the acrobat
 t - a ring of see invisible (melded)
 y - a +4 ring of protection (melded)
 G - a +6 ring of strength
 O - a ring of positive energy
 R - the amulet "Zaygavul" (around neck) {Faith Drain +Inv rPois rF++}
   (You acquired it on level 1 of the Orcish Mines)

   [amulet of faith]

   It allows you to gain divine favour quickly.
   rF:        It greatly protects you from fire.
   rPois:     It protects you from poison.
   +Inv:      It lets you turn invisible.
   Drain:     It drains your maximum health when unequipped.
 T - a ring of protection from cold
 X - a ring of resist corrosion
Wands
 b - a wand of digging (2)
 W - a wand of mindburst (1)
 Y - a wand of polymorph (6)
 Z - a wand of flame (10)
Scrolls
 i - 4 scrolls of fear
 k - 2 scrolls of butterflies
 l - 5 scrolls of teleportation
 m - 4 scrolls of poison
 n - 7 scrolls of enchant weapon
 p - 2 scrolls of blinking
 s - 3 scrolls of vulnerability
 x - a scroll of enchant armour
 A - 2 scrolls of torment
 B - 2 scrolls of fog
 C - 3 scrolls of magic mapping
 H - a scroll of amnesia
 Q - a scroll of immolation
 S - 4 scrolls of noise {unknown}
Potions
 c - a potion of degeneration {unknown}
 d - 4 potions of lignification
 f - 5 potions of might
 g - 3 potions of resistance
 h - 6 potions of flight
 o - 3 potions of mutation
 v - a potion of magic {unknown}
 w - 6 potions of curing
 z - a potion of cancellation {unknown}
 F - 3 potions of attraction {unknown}
 I - 2 potions of invisibility
 J - 5 potions of heal wounds
 K - a potion of berserk rage {unknown}
 M - 2 potions of brilliance {unknown}


   Skills:
 + Level 11.4 Fighting
 + Level 12.4 Long Blades
 + Level 13.4 Dodging
 + Level 12.1 Stealth
 + Level 5.9 Spellcasting
 + Level 7.2 Poison Magic
 * Level 12.1 Invocations
 + Level 2.3 Evocations


You had 20 spell levels left.
You knew the following spells:

 Your Spells              Type           Power      Damage    Failure   Level
a - Olgreb's Toxic Radia  Pois           17%        N/A       11%         4

Your spell library contained the following spells:

 Spells                   Type           Power      Damage    Failure   Level
 Sting                    Tmut/Pois      40%        1d5       4%          1
 Gell's Gravitas          Tloc           2%         N/A       54%         3
 Lesser Beckoning         Tloc           4%         N/A       54%         3
 Teleport Other           Tloc           2%         N/A       54%         3
 Anguish                  Hex/Necr       1%         N/A       91%         4
 Cause Fear               Hex            1%         N/A       91%         4
 Manifold Assault         Tloc           2%         N/A       91%         4
 Summon Ice Beast         Ice/Summ       2%         N/A       91%         4
 Summon Lightning Spire   Summ/Air       2%         N/A       91%         4
 Summon Mana Viper        Hex/Summ       2%         N/A       99%         5
 Dispersal                Tloc           1%         N/A       100%        6
 Dragon Form              Tmut           1%         N/A       100%        7
 Enfeeble                 Hex            1%         N/A       100%        7
 Monstrous Menagerie      Summ           1%         N/A       100%        7
 Ozocubu's Refrigeration  Ice            1%         4d7       100%        7
 Storm Form               Tmut/Air       1%         N/A       100%        7
 Disjunction              Tloc           1%         N/A       100%        8
 Ignition                 Fire           1%         3d3       100%        8
 Maxwell's Capacitive Co  Air            1%         ∞         100%        8
 Dragon's Call            Summ           1%         N/A       100%        9


Dungeon Overview and Level Annotations

Branches:
Dungeon (14/15)            Temple (1/1) D:7            Lair (3/5) D:9
  Swamp (0/4) Lair:2        Snake (0/4) Lair:2          Orc (2/2) D:11
    Elf (0/3) Orc:2
 Vaults: D:13-14

Altars:
Ashenzari
Cheibriados
Dithmenos
Elyvilon
Fedhas
Gozag
Hepliaklqana
Kikubaaqudgha
Makhleb
Nemelex Xobeh
Okawaru
Qazlal
Ru
Sif Muna
Trog
Uskayaw
Vehumet
Wu Jian
Xom
Yredelemnul
Zin
The Shining One

Shops:
D:5 ?   D:6 =   Orc:1 :**   Orc:2 ([=

Annotations:
D:7 1 runed translucent door
D:12 Kirke
D:13 Snorg
Lair:3 3 runed translucent doors, Wirisus's ghost, journeyman GnHu


Innate Abilities, Weirdness & Mutations

You are a filthy swine.
You move quickly.
Your equipment is almost entirely melded.
You are incapable of wielding weapons or throwing items.
You cannot cast spells.
Your life essence is reduced to manifest your ancestor. (-10% HP)
((You are very nimble when in or above water. (Stealth+, EV+, Speed+++)))
((Your lower body shifts to a powerful aquatic tail in water.))
Your body sometimes deteriorates upon taking damage.


Message History

The hog barely misses Ferran.
The manticore completely misses you. x2
The manticore claws you but does no damage.
The hog closely misses Ferran.
Kirke mumbles some strange words.
Kirke flickers and vanishes for a moment.
Ferran hits the hog with a +0 quarterstaff!!!
The hog dies!
The hog bites Ferran but does no damage.
You slash Kirke!
Kirke is almost dead.
The hog bites Ferran.
The manticore closely misses you. The manticore claws you.
The manticore closely misses you.
The hog bites Ferran.
Kirke says, "Odis was a nice man, you're awful."
Kirke gestures at you while chanting.
You turn into a filthy swine.
Your +2 scimitar melds into your body.
Your +2 helmet of intelligence melds into your body.
Your +0 pair of gloves melds into your body.
Your +0 steam dragon scales melds into your body.
Your ring of see invisible melds into your body.
Your +4 ring of protection melds into your body.
You feel stupid.
The hog bites Ferran but does no damage.
Ferran gestures at the hog while chanting.
The puff of frost hits the hog!
Aiming: Mindburst
Press: ? - help, Shift-Dir - straight line Nothing appears to happen.
The hog barely misses Ferran.
The manticore bites you!!
Your body deteriorates!
You feel clumsy. The manticore completely misses you. The manticore claws you!
* * * LOW HITPOINT WARNING * * *
The hog bites Ferran.
Something hits you!
* * * LOW HITPOINT WARNING * * *
Deactivating autopickup; reactivate with Ctrl-A.
Ferran barely misses the hog.
The hog closely misses Ferran.
The hog bites Ferran.
The manticore completely misses you. The manticore barely misses you.
The manticore closely misses you. Something hits you!
You die...

#...... #....O..
..
.....#..########
#.#.#.###..#
#.#.# #.#.#
##.#.####.#
#hh†....#.#
####.R{H..<#.#
#.....h)...#.#
#.##.......#^#
#.......#.#
#....!..#.#
#.......#.####
####.####>...#
#.# ####.# #†#
#.# #.# #.#


You could see the friendly Ferran the battlemage (idealised), a manticore
(summoned) and 2 hogs.

Vanquished Creatures
  Saint Roka (Orc:2)
  Erolcha (Orc:2)
  2 hydras (Lair:3)
  Harold (Orc:1)
  A tengu warrior (D:11)
  A boulder beetle (D:11)
  Nergalle (Lair:2)
  6 orc sorcerers (Orc:2)
  2 cyclopes
  2 manticores
  A gargoyle (D:12)
  2 cane toads
  An orange demon (D:10)
  A komodo dragon (Lair:1)
  4 blink frogs
  6 trolls
  A slime creature (D:12)
  A shadow (D:12)
  A vampire (D:11)
  Sigmund (D:2)
  3 wyverns
  25 yaks
  A basilisk (D:12)
  A wraith (D:9)
  A hog (D:12)
  5 vampire mosquitoes
  4 wargs
  Edmund (D:5)
  8 water moccasins
  8 orc warriors
  An ice beast (D:5)
  A sky beast (D:6)
  3 black bears
  4 centaurs
  10 ogres
  4 phantoms
  2 kobold brigands
  8 bullfrogs
  2 necrophages
  2 gnoll sergeants
  3 wights (D:9)
  2 troll zombies (D:11)
  9 killer bees
  3 howler monkeys (D:7)
  A vampire bat (D:5)
  A lava snake (Lair:2)
  4 hounds
  4 jellies
  7 orc priests
  Jessica (D:2)
  3 iguanas
  12 orc wizards
  A human skeleton (D:7)
  An ogre zombie (D:11)
  19 gnolls
  15 adders
  4 white imps
  An ufetubus (D:5)
  A worm (D:2)
  2 dart slugs
  3 fire bats (D:5)
  48 orcs
  2 spectral bats (D:5)
  3 bat skeletons (D:5)
  A bat zombie (D:5)
  6 endoplasms
  3 giant cockroaches
  4 goblins
  2 hobgoblins
  4 jackals (D:1)
  16 kobolds
  A quokka (D:1)
  15 ball pythons
  17 bats
  A bat simulacrum (D:5)
  2 frilled lizards
  2 goblin zombies (D:11)
  A hobgoblin skeleton (D:11)
  2 hobgoblin zombies (D:11)
  3 orc skeletons (D:11)
  5 orc zombies (D:11)
  5 rats
  A butterfly (D:7)
372 creatures vanquished.

Vanquished Creatures (collateral kills)
  2 hydras (Lair:2)
  A two-headed ogre (D:12)
  A boulder beetle (D:11)
  Amaemon (D:10)
  An oklob plant (Lair:3)
  2 ugly things
  4 orc sorcerers (Orc:2)
  A salamander (Lair:2)
  6 elephants
  A black mamba (Lair:1)
  A cane toad (Lair:3)
  A tengu conjurer (D:11)
  2 komodo dragons
  3 rime drakes
  2 trolls (Orc:2)
  3 blink frogs
  A wraith (D:10)
  2 wyverns (D:9)
  9 yaks
  A steam dragon (D:9)
  2 hogs (D:12)
  A vampire mosquito (D:11)
  4 wargs
  3 swamp worms (Lair:2)
  6 water moccasins
  6 orc warriors
  A black bear (D:9)
  A sky beast (D:7)
  An ogre (Orc:2)
  2 centaurs (D:11)
  6 wolves
  3 kobold brigands
  A bullfrog (Lair:2)
  A wight (D:9)
  2 troll zombies (D:11)
  8 killer bees
  2 howler monkeys
  A lava snake (Lair:2)
  3 orc priests
  An iguana (Lair:2)
  18 orc wizards
  3 ogre zombies (D:11)
  3 gnolls
  A shadow imp (D:8)
  25 orcs
  A goblin skeleton (D:11)
  3 goblin zombies (D:11)
  A hobgoblin skeleton (D:11)
  A hobgoblin zombie (D:11)
  9 kobolds
  6 orc zombies (D:11)
  A butterfly (Lair:3)
172 creatures vanquished.

Vanquished Creatures (others)
  18 battlemagi
  An orc (Orc:2)
  14 fungi
  23 plants
56 creatures vanquished.

Grand Total: 600 creatures vanquished

Notes
Turn   | Place    | Note
-------+----------+-------------------------------------------
     0 | D:1      | Anon1729 the Merfolk Monk began the quest for the Orb.
     0 | D:1      | Reached XP level 1. HP: 18/18 MP: 1/1
   204 | D:1      | Reached XP level 2. HP: 24/24 MP: 2/2
   446 | D:1      | Reached XP level 3. HP: 29/29 MP: 3/3
   486 | D:1      | Found a faded altar of an unknown god.
   502 | D:1      | Got Plato's Compendium of Poisoning
   935 | D:2      | Noticed Jessica
   950 | D:2      | Killed Jessica
   951 | D:2      | Reached XP level 4. HP: 11/37 MP: 4/4
  1085 | D:2      | Noticed Sigmund
  1096 | D:2      | Killed Sigmund
  1097 | D:2      | Reached skill level 5 in Dodging
  1097 | D:2      | Reached XP level 5. HP: 30/43 MP: 3/5
  1104 | D:2      | Reached XP level 6. HP: 25/49 MP: 3/6
  1341 | D:2      | Reached skill level 5 in Long Blades
  2919 | D:4      | Reached skill level 5 in Fighting
  2919 | D:4      | Reached skill level 6 in Dodging
  2919 | D:4      | Reached XP level 7. HP: 56/56 MP: 7/7
  3045 | D:4      | Found a stormy altar of Qazlal.
  3110 | D:4      | Reached skill level 5 in Stealth
  3855 | D:5      | Entered Level 5 of the Dungeon
  4226 | D:5      | Noticed Edmund
  4232 | D:5      | Killed Edmund
  4233 | D:5      | Reached skill level 7 in Dodging
  4233 | D:5      | Reached XP level 8. HP: 39/64 MP: 8/8
  4686 | D:5      | Found Oxih's Magic Scroll Shoppe.
  4691 | D:5      | Bought a scroll of fear for 52 gold pieces
  4691 | D:5      | Bought a scroll of identify for 26 gold pieces
  4691 | D:5      | Bought a scroll of magic mapping for 97 gold pieces
  5170 | D:6      | Reached skill level 8 in Dodging
  5268 | D:6      | Reached XP level 9. HP: 45/71 MP: 9/9
  5760 | D:6      | Found Otsa's Jewellery Boutique.
  6131 | D:6      | Reached skill level 9 in Dodging
  6259 | D:7      | Found a runed translucent door.
  6261 | D:7      | Identified the +3 sling "Grim Tooth" {drain, rElec rF++
                  | MP+9}
  6297 | D:7      | Found a staircase to the Ecumenical Temple.
  6301 | D:7      | Found a basalt altar of Yredelemnul.
  6312 | Temple   | Entered the Ecumenical Temple
  6344 | Temple   | Became a worshipper of Hepliaklqana the Forgotten
  6344 | Temple   | Reached * piety under Hepliaklqana
  6344 | Temple   | Reached ** piety under Hepliaklqana
  6345 | Temple   | Remembered your ancestor Ferran as a battlemage
  6433 | D:7      | Reached skill level 1 in Invocations
  7300 | D:8      | Reached XP level 10. HP: 63/72 MP: 10/12
  7742 | D:9      | Found a staircase to the Lair.
  7750 | D:9      | Reached skill level 10 in Dodging
  7831 | D:9      | Reached skill level 5 in Invocations
  7967 | D:9      | Found a sacrificial altar of Ru.
  8113 | D:9      | Reached *** piety under Hepliaklqana
  8316 | D:10     | Entered Level 10 of the Dungeon
  8347 | D:10     | Reached skill level 1 in Poison Magic
  8360 | D:9      | Reached XP level 11. HP: 77/78 MP: 15/15
  8364 | D:9      | Reached skill level 1 in Spellcasting
  8519 | D:10     | Noticed Amaemon
  8535 | D:10     | Killed Amaemon
  8536 | D:10     | Reached skill level 10 in Long Blades
  9121 | D:11     | Reached skill level 11 in Dodging
  9242 | D:11     | Noticed a brown ugly thing
  9249 | D:11     | Killed a brown ugly thing
  9287 | D:11     | Reached **** piety under Hepliaklqana
  9354 | D:11     | Noticed a boulder beetle
  9357 | D:11     | Found a staircase to the Orcish Mines.
  9406 | D:11     | Noticed a boulder beetle
  9422 | D:11     | Killed a boulder beetle
  9478 | D:11     | Killed a boulder beetle
  9479 | D:11     | Reached skill level 10 in Stealth
  9499 | D:11     | Noticed a manticore
  9507 | D:11     | Killed a manticore
  9516 | D:11     | Noticed a tengu warrior
  9691 | D:11     | Killed a tengu warrior
  9692 | D:11     | Reached XP level 12. HP: 45/87 MP: 18/18
  9973 | D:11     | Found a hide-covered altar of Uskayaw.
 10159 | D:12     | You fall into a shaft and drop 2 floors!
 10309 | D:13     | Noticed Snorg
 10334 | D:12     | Noticed a two-headed ogre
 10365 | D:12     | Noticed a two-headed ogre
 10581 | Orc:1    | Entered Level 1 of the Orcish Mines
 10818 | Orc:2    | Entered Level 2 of the Orcish Mines
 10850 | Orc:2    | Found a staircase to the Elven Halls.
 10860 | Orc:2    | Reached skill level 10 in Fighting
 11121 | Orc:2    | Noticed Saint Roka
 11254 | Orc:2    | Killed Saint Roka
 11255 | Orc:2    | Reached skill level 12 in Dodging
 11255 | Orc:2    | Reached skill level 5 in Poison Magic
 11509 | Orc:2    | Reached skill level 10 in Invocations
 11516 | Orc:2    | Gained mutation: Your body sometimes deteriorates upon
                  | taking damage. [a neqoxec]
 11539 | Orc:2    | Found a radiant altar of Vehumet.
 11560 | Orc:2    | Reached XP level 13. HP: 90/93 MP: 20/20
 11799 | Orc:1    | Found Vyem's Book Emporium.
 11803 | Orc:1    | Noticed Harold
 11822 | Orc:1    | Killed Harold
 12007 | Orc:1    | Found Buelugg's Specific Store.
 12012 | Orc:1    | Found Qyrev's General Store.
 12016 | Orc:1    | Bought a scroll of identify for 30 gold pieces
 12016 | Orc:1    | Identified a scroll of acquirement
 12021 | Orc:1    | Acquired the amulet "Zaygavul" {Faith Drain +Inv rPois
                  | rF++}
 12179 | Orc:2    | Found Faobe's Jewellery Shoppe.
 12199 | Orc:2    | Found an ancient bone altar of Kikubaaqudgha.
 12205 | Orc:2    | Found Gazeh's Antique Armour Emporium.
 12235 | Orc:2    | Noticed Erolcha
 12247 | Orc:2    | Killed Erolcha
 12270 | Orc:2    | Paralysed by an orc sorcerer for 2 turns
 12447 | Orc:2    | Found Nostedau's Distillery.
 12462 | Orc:2    | Bought a potion of might for 44 gold pieces
 12462 | Orc:2    | Bought a potion of curing for 33 gold pieces
 12462 | Orc:2    | Bought a potion of mutation for 88 gold pieces
 12462 | Orc:2    | Bought a potion of flight for 33 gold pieces
 12462 | Orc:2    | Bought a potion of curing for 33 gold pieces
 12462 | Orc:2    | Bought a potion of heal wounds for 55 gold pieces
 12462 | Orc:2    | Bought a potion of might for 44 gold pieces
 12462 | Orc:2    | Bought a potion of flight for 33 gold pieces
 12468 | Orc:2    | Found Gyetudum's Antique Weapon Shoppe.
 12656 | Lair:1   | Entered Level 1 of the Lair of Beasts
 12808 | Lair:1   | Reached skill level 5 in Spellcasting
 13553 | Lair:1   | Reached skill level 13 in Dodging
 13559 | Lair:1   | Learned a level 4 spell: Olgreb's Toxic Radiance
 13789 | Lair:2   | Reached ***** piety under Hepliaklqana
 13916 | Lair:2   | HP: 4/95 [seven-headed hydra (4)]
 14230 | Lair:2   | Noticed Nergalle
 14248 | Lair:2   | Killed Nergalle
 14361 | Lair:2   | Found a staircase to the Snake Pit.
 14623 | Lair:1   | Reached skill level 1 in Evocations
 15020 | Lair:2   | Found a staircase to the Swamp.
 15421 | Lair:2   | Reached XP level 14. HP: 101/101 MP: 22/22
 15653 | Lair:3   | Found a runed translucent gate.
 15654 | Lair:3   | Found a runed translucent gate.
 15654 | Lair:3   | Found a runed translucent gate.
 15655 | Lair:3   | Noticed Wirisus's ghost (journeyman GnHu)
 17463 | D:12     | Noticed Kirke
 17480 | D:12     | Mangled by Kirke

Illustrated notes

Levels and vault maps discovered:
D:1:      dpeg_arrival_orchard, layout_loops_ring,
          shapermc_ecumenical_altar_rom_forum,
          nicolae_concentric_dashed_squares_wild
D:2:      layout_loops_cross, hex_medium, uniq_jessica, uniq_sigmund
D:3:      layout_basic
D:4:      layout_cave_pools, nicolae_qazlal_scattered_showers,
          grunt_decor_junction, kennysheep_diamond, minmay_snake_closets
D:5:      layout_basic, serial_shops, nicolae_shop_hallway_plus, goddamned_bats,
          uniq_edmund
D:6:      layout_cave_pods, serial_shops, nicolae_lakefront_shop,
          grunt_decor_cap, nrook_mini_vaults, dk_rats_in_the_wall
D:7:      layout_loops_ring, dk_yredelemnul_ordeal,
          minmay_temple_entry_butterflies
D:8:      layout_cave_pools
D:9:      layout_rooms, nicolae_ru_awakened_eye, minmay_lair_entry_grove
D:10:     layout_long_grid, uniq_amaemon
D:11:     layout_long_grid, zombieorc2_lemuel, nicolae_uskayaw_dance_studio
D:12:     layout_loops_ring, uniq_kirke
D:13:     layout_gridville, ximxim_vaults_locker_room, serial_shops,
          nicolae_diamond_shop, kennysheep_mini_moat, uniq_snorg, uniq_josephine
D:14:     layout_roguey, nicolae_kikubaaqudgha_miasma_corner, zin_academy
Temple:   hellmonk_temple_of_storms
Lair:1:   layout_hall_layers
Lair:2:   layout_chaotic_city, palyth_hydra_swamp_entry,
          nicolae_snake_entry_warm_welcome, cheibrodos_lair_reptile_den,
          uniq_nergalle
Lair:3:   layout_cellular_growth, gammafunk_ghost_hydra_chop,
          grunt_megastairs_5, lemuel_fruit_fields, lemuel_fruit_tree
Orc:1:    layout_caves, serial_shops, shop, nicolae_specific_store, uniq_harold
Orc:2:    kennysheep_orc_mage_school, layout_diamond_mine, mines2_david,
          uniq_saint_roka

Skill      XL: |  1  2  3  4  5  6  7  8  9 10 11 12 13 14 |
---------------+-------------------------------------------+-----
Long Blades    | 4 5 6 7 8 9 10 11 12 | 12.4
Stealth        | 3 4 5 7 8 9 10 11 12 | 12.1
Fighting       | 4 5 6 8 9 10 11 | 11.4
Dodging        | 5 6 7 8 9 10 11 12 13 | 13.4
Invocations    | 3 6 8 10 11 12 | 12.1
Poison Magic   | 1 3 5 6 7 |  7.2
Spellcasting   | 3 4 5 |  5.9
Evocations     | 1 2 |  2.3

Action                   |  1- 3 |  4- 6 |  7- 9 | 10-12 | 13-15 || total
-------------------------+-------+-------+-------+-------+-------++-------
Melee: Falchion          |    19 |       |       |       |       ||    19
       Dagger            |    63 |   144 |   424 |   127 |    18 ||   776
       Punch             |     2 |     2 |     3 |    10 |     5 ||    22
       Scimitar          |       |       |       |   363 |   401 ||   764
Throw: Dart              |       |       |       |     4 |     1 ||     5
       Throwing net      |       |       |       |     1 |       ||     1
Invok: Recall Ancestor   |       |       |     2 |     9 |     3 ||    14
       Ancestor Life: Ba |       |       |     1 |       |       ||     1
       Idealise          |       |       |       |     2 |     2 ||     4
Evoke: Wand              |       |       |       |     9 |    10 ||    19
  Use: Potion            |     1 |       |       |     1 |     2 ||     4
       Scroll            |       |       |    11 |     5 |     5 ||    21
 Stab: Sleeping          |     8 |    11 |    30 |     6 |     7 ||    62
       Distracted        |       |       |     1 |    11 |    15 ||    27
Armor: Robe              |     7 |    14 |    57 |    17 |       ||    95
       Steam dragon scal |       |       |       |    86 |    91 ||   177
       Skin              |       |       |       |       |    20 ||    20
Dodge: Dodged            |    59 |    96 |   333 |   558 |   463 ||  1509

Table legend: (Time is in decaauts)
 A = Elapsed time spent in this place.
 B = Non-inter-level travel time spent in this place.
 C = Inter-level travel time spent in this place.
 D = Time resting spent in this place.
 E = Time spent auto-exploring this place.
 F = Levels seen in this place.
 G = Mean time per level.
                   A        B        C        D        E       F      G
               +--------+--------+--------+--------+--------+-----+--------+
         Total |  17216 |  16350 |    866 |   1789 |  10704 |  20 |  860.8 |
       Dungeon |  10915 |  10340 |    575 |    758 |   7019 |  14 |  779.6 |
        Temple |     48 |     48 |      0 |      0 |      0 |   1 |   48.0 |
          Lair |   4367 |   4203 |    164 |    744 |   2653 |   3 | 1455.7 |
  Orcish Mines |   1884 |   1759 |    125 |    287 |   1031 |   2 |  942.0 |
               +--------+--------+--------+--------+--------+-----+--------+

Top non-repeatable levels by time:
  Lair:2: 1520 daAuts
  Lair:3: 1497 daAuts
     D:4: 1359 daAuts
  Lair:1: 1349 daAuts
   Orc:2: 1194 daAuts
    D:11: 1141 daAuts
     D:5: 1128 daAuts
     D:2: 1038 daAuts
     D:6: 962 daAuts
     D:1: 912 daAuts
     D:7: 831 daAuts
     D:9: 742 daAuts
    D:10: 735 daAuts
   Orc:1: 690 daAuts
    D:12: 659 daAuts
